 Dungeon Crawl Stone Soup version 0.29-a0-824-gd827844252 (webtiles) character file.

Game seed: 5291434947914761046

165 gobodom the Insei (level 5, -6/37 HPs)
             Began as a Demonspawn Transmuter on July 11, 2022.
             Mangled by a gnoll
             ... wielding a +0 flail
              (9 damage)
             ... on level 3 of the Dungeon.
             The game lasted 00:05:14 (2904 turns).

gobodom the Insei (Demonspawn Transmuter)           Turns: 2904, Time: 00:05:14

Health: -6/37      AC:  2    Str: 10    XL:     5   Next: 22%
Magic:  7/9        EV: 12    Int: 16    God:
Gold:   30         SH:  0    Dex: 14    Spells: 7/10 levels left

rFire   . . .      SeeInvis .     - Unarmed
rCold   . . .      Faith    .   (no shield)
rNeg    . . .      Spirit   .   a - +0 robe
rPois   .          Reflect  .   (helmet currently unavailable)
rElec   .          Harm     .   (no cloak)
rCorr   .          Rampage  .   (no gloves)
Will    .....                   (boots currently unavailable)
Stlth   ++........              (no amulet)
HPRegen 0.12/turn               g - ring of flight
MPRegen 0.11/turn               (no ring)

@: appendages (expiring), wereblooded, flying
A: horns 2, talons 2, claws 1, demonic guardian 1, powered by pain 1
a: End Transformation


You were on level 3 of the Dungeon.
You had temporarily grown beastly horns and talons.
You visited 1 branch of the dungeon, and saw 3 of its levels.

You collected 30 gold pieces.

Inventory:

Hand Weapons
 p - a +0 spectral club
Armour
 a - a +0 robe (worn)
 o - a +0 pair of boots (melded)
Jewellery
 g - a ring of flight (left claw)
Scrolls
 c - 2 scrolls of teleportation {unknown}
 f - 2 scrolls of magic mapping {unknown}
 h - 2 scrolls of silence {unknown}
 i - a scroll of blinking {unknown}
 k - a scroll of enchant armour {unknown}
Potions
 b - 3 potions of lignification
 d - a potion of magic
 e - a potion of attraction
 j - a potion of invisibility
 l - 2 potions of curing {unknown}
 m - a potion of heal wounds


   Skills:
 + Level 1.3 Fighting
 + Level 2.1 Dodging
 + Level 1.2 Stealth
 + Level 3.7 Unarmed Combat
 + Level 3.0 Spellcasting
 + Level 2.8 Transmutations


You had 7 spell levels left.
You knew the following spells:

 Your Spells              Type           Power      Damage    Failure   Level
a - Beastly Appendage     Tmut           22%        N/A       6%          1
b - Wereblood             Tmut           11%        N/A       9%          2

Your spell library contained the following spells:

 Spells                   Type           Power      Damage    Failure   Level
 Apportation              Tloc           4%         N/A       19%         1
 Necrotise                Necr           8%         1d4       19%         1
 Summon Small Mammal      Summ           8%         N/A       19%         1
 Spider Form              Tmut/Pois      7%         N/A       30%         3
 Call Canine Familiar     Summ           2%         N/A       50%         3
 Summon Guardian Golem    Hex/Summ       2%         N/A       50%         3
 Ice Form                 Ice/Tmut       7%         N/A       71%         4


Dungeon Overview and Level Annotations

Branches:
Dungeon (3/15)

Altars:

Shops:
D:1 :   D:3 [


Innate Abilities, Weirdness & Mutations

You have temporarily grown beastly horns and talons.
You have sharp fingernails.
A weak demonic guardian rushes to your aid.
You sometimes gain a little power by taking damage.


Message History

The hound misses you.
You barely miss the hound.
The hound is almost dead.
The hound barely misses you. The hound bites you but does no damage.
You miss the hound. Your headbutt misses the hound.
The hound is almost dead.
The hound bites you.
You miss the hound. Your kick misses the hound. You headbutt the hound.
You feel a bit better.
You kill the hound!
You claw the hound! You claw the hound, but do no damage.
The hound is heavily wounded.
The hound bites you. x2
You scratch the hound but do no damage. Your headbutt misses the hound.
The hound is heavily wounded.
The hound bites you.
You closely miss the hound. You claw the hound.
The hound is almost dead.
The hound bites you. x2
* * * LOW HITPOINT WARNING * * *
You scratch the hound. Your kick misses the hound.
The hound is almost dead.
The hound misses you.
You scratch the hound.
You feel a bit better.
You kill the hound!
You howl as the wereblood boils in your veins!
Your transformation is almost over.
Your Spellcasting skill increases to level 3!
You have reached level 5!
Your demonic ancestry asserts itself...
You feel the presence of a demonic guardian.
You scratch the gnoll.
The gnoll is heavily wounded.
The gnoll hits you with a +0 flail!
* * * LOW HITPOINT WARNING * * *
A demonic guardian appears!
You closely miss the gnoll. Your kick misses the gnoll.
The gnoll is heavily wounded.
The gnoll hits you with a +0 flail!
You die...

#........ ........
....... ..... ...#
## ##..# ..#
#..P#...#
#..@g...#
#5.P#+#+# #...#
##..#
##.############
#...#.........
###<#.......#
#######.#.......#
........#.......##


You could see a gnoll (ally target) and a friendly iron imp (summoned).

Vanquished Creatures
  2 hounds (D:3)
  Jessica (D:2)
  An iguana (D:3)
  An adder (D:2)
  A worm (D:3)
  A dart slug (D:2)
  5 endoplasms
  5 giant cockroaches
  A goblin (D:1)
  4 hobgoblins
  4 jackals (D:1)
  2 kobolds (D:1)
  2 quokkas
  6 ball pythons
  2 bats (D:3)
  3 rats (D:1)
41 creatures vanquished.

Notes
Turn   | Place    | Note
-------+----------+-------------------------------------------
     0 | D:1      | gobodom the Demonspawn Transmuter began the quest for the
                  | Orb.
     0 | D:1      | Reached XP level 1. HP: 15/15 MP: 3/3
   227 | D:1      | Gained mutation: You have sharp fingernails. [demonic
                  | ancestry]
   227 | D:1      | Reached XP level 2. HP: 17/21 MP: 3/5
   874 | D:1      | Found Ariot's Book Emporium.
  1392 | D:2      | Reached XP level 3. HP: 20/26 MP: 4/6
  1539 | D:2      | Learned a level 2 spell: Wereblood
  1765 | D:2      | Found a faded altar of an unknown god.
  2121 | D:2      | Noticed Jessica
  2126 | D:2      | Killed Jessica
  2127 | D:2      | Gained mutation: You sometimes gain a little power by
                  | taking damage. [demonic ancestry]
  2127 | D:2      | Reached XP level 4. HP: 28/32 MP: 5/7
  2585 | D:3      | Found Paemo's Antique Armour Shop.
  2644 | D:3      | Reached skill level 1 in Stealth
  2903 | D:3      | Gained mutation: A weak demonic guardian rushes to your
                  | aid. [demonic ancestry]
  2903 | D:3      | Reached XP level 5. HP: 13/37 MP: 7/9
  2904 | D:3      | Mangled by a gnoll

Illustrated notes

Levels and vault maps discovered:
D:1:      kennysheep_arrival_forest, layout_loops_corners, serial_shops,
          nicolae_shop_window_shopping, hangedman_decor_diamond_cutter
D:2:      layout_loops_corners, ebering_ecumenical_altar_petrified,
          amethyst_killhole, chequers_hall_statues_y, uniq_jessica
D:3:      layout_basic, nemelex_spade_bored_becter, serial_shops,
          nicolae_square_shop, shop, cheibrodos_gnoll_hut

Skill      XL: |  1  2  3  4 |
---------------+-------------+-----
Unarmed Combat | 3 |  3.7
Transmutations | 2 |  2.8
Dodging        | 2 |  2.1
Stealth        | 1 |  1.2
Spellcasting   | 3 |  3.0
Fighting       | |  1.3

Action                   |  1- 3 |  4- 6 || total
-------------------------+-------+-------++-------
Melee: Unarmed           |    62 |    37 ||    99
       Kick              |    14 |     6 ||    20
       Headbutt          |    11 |     7 ||    18
       Punch             |     3 |       ||     3
 Cast: Beastly Appendage |    22 |     7 ||    29
       Wereblood         |       |     1 ||     1
  Use: Scroll            |     3 |     1 ||     4
 Stab: Sleeping          |     1 |     1 ||     2
Armor: Robe              |     5 |    11 ||    16
Dodge: Dodged            |    29 |    16 ||    45

Table legend: (Time is in decaauts)
 A = Elapsed time spent in this place.
 B = Non-inter-level travel time spent in this place.
 C = Inter-level travel time spent in this place.
 D = Time resting spent in this place.
 E = Time spent auto-exploring this place.
 F = Levels seen in this place.
 G = Mean time per level.
                   A        B        C        D        E       F      G
               +--------+--------+--------+--------+--------+-----+--------+
         Total |   2896 |   2859 |     37 |      0 |   2516 |   3 |  965.3 |
       Dungeon |   2896 |   2859 |     37 |      0 |   2516 |   3 |  965.3 |
               +--------+--------+--------+--------+--------+-----+--------+

Top non-repeatable levels by time:
     D:1: 1289 daAuts
     D:2: 1235 daAuts
     D:3: 371 daAuts
